TOP OF THE 1ST |
Trois-Riveres Aigles batting - Pitching for Detroit Red Wings : RHP Chris Wilkerson
|
Pitching: RHP Chris Wilkerson
|
|
Batting: RHB Luis Jara
|
0-0: Ball 1-0: Swinging Strike 1-1: Foul Ball, location: 2F 1-2: Foul Ball, location: 2F 1-2: Foul Ball, location: 2F 1-2: Strikes out swinging
|
Batting: RHB Dave Valdez
|
0-0: Called Strike 0-1: Foul Ball, location: 2F 0-2: Foul Ball, location: 2F 0-2: Ball 1-2: Strikes out looking
|
Batting: RHB Kyler Seitz
|
0-0: Swinging Strike 0-1: Ball 1-1: Foul Ball, location: 2F 1-2: Ball 2-2: Strikes out swinging
|
Top of the 1st over - 0 runs, 0 hits, 0 errors, 0 left on base; Trois-Riveres 0 - Detroit 0 |
BOTTOM OF THE 1ST |
Detroit Red Wings batting - Pitching for Trois-Riveres Aigles : LHP Han Keijzer
|
Pitching: LHP Han Keijzer
|
|
Batting: RHB Alex Duarte
|
0-0: Ball 1-0: Ground out 6-3 (Groundball, 6, EV 87.5 MPH)
|
Batting: RHB Carlos Avila
|
0-0: Ball 1-0: Ball 2-0: Called Strike 2-1: Ball 3-1: Foul Ball, location: 2F 3-2: Base on Balls
|
Batting: RHB Jorge Lebron
|
0-0: Ball 1-0: Called Strike 1-1: Swinging Strike 1-2: Foul Ball, location: 2F 1-2: Ball 2-2: Ball 3-2: Foul Ball, location: 2F 3-2: Foul Ball, location: 2F 3-2: Base on Balls Carlos Avila to second
|
Batting: RHB António Scarlett
|
0-0: Ball 1-0: Foul Ball, location: 2F 1-1: Ball 2-1: Foul Ball, location: 2F 2-2: Grounds into double play, 6-4-3 (Groundball, 6, EV 81.2 MPH)
|
Bottom of the 1st over - 0 runs, 0 hits, 0 errors, 1 left on base; Trois-Riveres 0 - Detroit 0 |
TOP OF THE 2ND |
Trois-Riveres Aigles batting - Pitching for Detroit Red Wings : RHP Chris Wilkerson
|
Batting: SHB Omar Cervantes
|
0-0: Ball 1-0: Ball 2-0: Ball 3-0: Called Strike 3-1: Foul Ball, location: 2F 3-2: Foul Ball, location: 2F 3-2: Base on Balls
|
Batting: RHB Sandoval Serzedelo
|
0-0: Ball 1-0: Ball 2-0: Called Strike 2-1: Foul Ball, location: 2F 2-2: Grounds into double play, 4-6-3 (Groundball, 4M, EV 79.4 MPH)
|
Batting: RHB Tony Bonilla
|
0-0: Foul Ball, location: 2F 0-1: Ball 1-1: Called Strike 1-2: Strikes out swinging
|
Top of the 2nd over - 0 runs, 0 hits, 0 errors, 0 left on base; Trois-Riveres 0 - Detroit 0 |
BOTTOM OF THE 2ND |
Detroit Red Wings batting - Pitching for Trois-Riveres Aigles : LHP Han Keijzer
|
Batting: SHB Isaiah Bias
|
0-0: Called Strike 0-1: Fly out, F9 (Flyball, 89M, EV 76.2 MPH)
|
Batting: LHB Iestyn Peacock
|
0-0: Ball 1-0: SINGLE (Groundball, 34D, EV 108.1 MPH) (infield hit)
|
Batting: SHB Franklin Garza
|
0-0: Swinging Strike 0-1: Ball 1-1: Hit by Pitch Iestyn Peacock to second
|
Batting: RHB Dustin Bursell
|
0-0: Foul Ball, location: 2F 0-1: Ball 1-1: Fly out, F8 (Flyball, 89S, EV 94.4 MPH)
|
Batting: RHB Cody Kafer
|
0-0: Called Strike 0-1: Foul Ball, location: 2F 0-2: Ball 1-2: Ball 2-2: Foul Ball, location: 2F 2-2: Strikes out swinging
|
Bottom of the 2nd over - 0 runs, 1 hit, 0 errors, 2 left on base; Trois-Riveres 0 - Detroit 0 |
TOP OF THE 3RD |
Trois-Riveres Aigles batting - Pitching for Detroit Red Wings : RHP Chris Wilkerson
|
Batting: RHB Willie Acevedo
|
0-0: Called Strike 0-1: Fly out, F7 (Flyball, 7, EV 88.1 MPH)
|
Batting: RHB Jeff Standridge
|
0-0: Swinging Strike 0-1: Ground out 5-3 (Groundball, 56S, EV 83.1 MPH)
|
Batting: RHB Ben Saxton
|
0-0: Ball 1-0: Foul Ball, location: 2F 1-1: Ball 2-1: Called Strike 2-2: Foul Ball, location: 2F 2-2: Strikes out looking
|
Top of the 3rd over - 0 runs, 0 hits, 0 errors, 0 left on base; Trois-Riveres 0 - Detroit 0 |
BOTTOM OF THE 3RD |
Detroit Red Wings batting - Pitching for Trois-Riveres Aigles : LHP Han Keijzer
|
Batting: RHB Alex Duarte
|
0-0: Swinging Strike 0-1: Swinging Strike 0-2: Ball 1-2: Foul Ball, location: 2F 1-2: Ball 2-2: Strikes out swinging
|
Batting: RHB Carlos Avila
|
0-0: Foul Ball, location: 2F 0-1: Ground out 5-3 (Groundball, 56S, EV 85.6 MPH)
|
Batting: RHB Jorge Lebron
|
0-0: Called Strike 0-1: Ball 1-1: Foul Ball, location: 2F 1-2: Strikes out swinging, 2-3 out at first.
|
Bottom of the 3rd over - 0 runs, 0 hits, 0 errors, 0 left on base; Trois-Riveres 0 - Detroit 0 |
TOP OF THE 4TH |
Trois-Riveres Aigles batting - Pitching for Detroit Red Wings : RHP Chris Wilkerson
|
Batting: RHB Luis Jara
|
0-0: Ball 1-0: Ball 2-0: Foul Ball, location: 2F 2-1: Ball 3-1: Ground out 4-3 (Groundball, 4MD, EV 83.1 MPH)
|
Batting: RHB Dave Valdez
|
0-0: Called Strike 0-1: Foul Ball, location: 2F 0-2: Foul Ball, location: 2F 0-2: Strikes out swinging
|
Batting: RHB Kyler Seitz
|
0-0: Called Strike 0-1: Swinging Strike 0-2: DOUBLE (Line Drive, 78M, EV 97.5 MPH)
|
Batting: SHB Omar Cervantes
|
0-0: Foul Ball, location: 2F 0-1: Foul Ball, location: 2F 0-2: Foul Ball, location: 2F 0-2: Foul Ball, location: 2F 0-2: Ball 1-2: Strikes out swinging
|
Top of the 4th over - 0 runs, 1 hit, 0 errors, 1 left on base; Trois-Riveres 0 - Detroit 0 |
BOTTOM OF THE 4TH |
Detroit Red Wings batting - Pitching for Trois-Riveres Aigles : LHP Han Keijzer
|
Batting: RHB António Scarlett
|
0-0: Called Strike 0-1: Foul Ball, location: 2F 0-2: Strikes out swinging
|
Batting: SHB Isaiah Bias
|
0-0: Called Strike 0-1: Ball 1-1: Ground out 6-3 (Groundball, P, EV 88.1 MPH)
|
Batting: LHB Iestyn Peacock
|
0-0: Foul Ball, location: 2F 0-1: Ground out 4-3 (Groundball, 4, EV 90.6 MPH)
|
Bottom of the 4th over - 0 runs, 0 hits, 0 errors, 0 left on base; Trois-Riveres 0 - Detroit 0 |
TOP OF THE 5TH |
Trois-Riveres Aigles batting - Pitching for Detroit Red Wings : RHP Chris Wilkerson
|
Batting: RHB Sandoval Serzedelo
|
0-0: Ball 1-0: Called Strike 1-1: Foul Ball, location: 2F 1-2: Ball 2-2: Ground out 3-1 (Groundball, 34S, EV 84.4 MPH)
|
Batting: RHB Tony Bonilla
|
0-0: Called Strike 0-1: Ball 1-1: Ball 2-1: Called Strike 2-2: DOUBLE (Line Drive, 7LS, EV 93.8 MPH)
|
Batting: RHB Willie Acevedo
|
0-0: Fly out, F8 (Flyball, 8LS, EV 96.9 MPH)
|
Batting: RHB Jeff Standridge
|
0-0: Called Strike 0-1: Ball 1-1: Called Strike 1-2: Strikes out swinging
|
Top of the 5th over - 0 runs, 1 hit, 0 errors, 1 left on base; Trois-Riveres 0 - Detroit 0 |
BOTTOM OF THE 5TH |
Detroit Red Wings batting - Pitching for Trois-Riveres Aigles : LHP Han Keijzer
|
Batting: SHB Franklin Garza
|
0-0: Ball 1-0: Ball 2-0: Ball 3-0: Called Strike 3-1: Base on Balls
|
Batting: RHB Dustin Bursell
|
0-0: Foul Ball, location: 2F 0-1: Called Strike 0-2: Ball 1-2: Strikes out looking
|
Batting: RHB Cody Kafer
|
0-0: Called Strike 0-1: Ball 1-1: Called Strike 1-2: Ball 2-2: Strikes out swinging
|
Batting: RHB Alex Duarte
|
0-0: Ball 1-0: Foul Ball, location: 2F 1-1: Called Strike 1-2: Foul Ball, location: 2F 1-2: Ball 2-2: Ball 3-2: Foul Ball, location: 2F 3-2: Base on Balls Franklin Garza to second
|
Batting: RHB Carlos Avila
|
0-0: Called Strike 0-1: Ball 1-1: Swinging Strike 1-2: Strikes out swinging
|
Bottom of the 5th over - 0 runs, 0 hits, 0 errors, 2 left on base; Trois-Riveres 0 - Detroit 0 |
TOP OF THE 6TH |
Trois-Riveres Aigles batting - Pitching for Detroit Red Wings : RHP Chris Wilkerson
|
Batting: RHB Ben Saxton
|
0-0: Swinging Strike 0-1: Foul Ball, location: 2F 0-2: Strikes out swinging
|
Batting: RHB Luis Jara
|
0-0: Ball 1-0: Fly out, F8 (Flyball, 8LD, EV 87.5 MPH)
|
Batting: RHB Dave Valdez
|
0-0: Called Strike 0-1: Foul Ball, location: 2F 0-2: Strikes out swinging
|
Top of the 6th over - 0 runs, 0 hits, 0 errors, 0 left on base; Trois-Riveres 0 - Detroit 0 |
BOTTOM OF THE 6TH |
Detroit Red Wings batting - Pitching for Trois-Riveres Aigles : LHP Han Keijzer
|
Batting: RHB Jorge Lebron
|
0-0: Swinging Strike 0-1: Called Strike 0-2: Strikes out swinging
|
Batting: RHB António Scarlett
|
0-0: Called Strike 0-1: Ball 1-1: Swinging Strike 1-2: Ball 2-2: Fly out, F7 (Line Drive, 7, EV 97.5 MPH)
|
Batting: SHB Isaiah Bias
|
0-0: Ball 1-0: Ball 2-0: Swinging Strike 2-1: Ball 3-1: Swinging Strike 3-2: Strikes out looking
|
Bottom of the 6th over - 0 runs, 0 hits, 0 errors, 0 left on base; Trois-Riveres 0 - Detroit 0 |
TOP OF THE 7TH |
Trois-Riveres Aigles batting - Pitching for Detroit Red Wings : RHP Chris Wilkerson
|
Batting: RHB Kyler Seitz
|
0-0: Ball 1-0: Ball 2-0: Foul Ball, location: 2F 2-1: Called Strike 2-2: Strikes out looking
|
Batting: SHB Omar Cervantes
|
0-0: Ball 1-0: Foul Ball, location: 2F 1-1: Ball 2-1: Ground out 3-1 (Groundball, 34S, EV 90.6 MPH)
|
Batting: RHB Sandoval Serzedelo
|
0-0: Ball 1-0: Ball 2-0: Foul Ball, location: 2F 2-1: Foul Ball, location: 2F 2-2: Ball 3-2: SOLO HOME RUN (Flyball, 78XD, EV 115.6 MPH), Distance : 433 ft
|
Batting: RHB Tony Bonilla
|
0-0: Swinging Strike 0-1: Swinging Strike 0-2: Strikes out swinging
|
Top of the 7th over - 1 run, 1 hit, 0 errors, 0 left on base; Trois-Riveres 1 - Detroit 0 |
BOTTOM OF THE 7TH |
Detroit Red Wings batting - Pitching for Trois-Riveres Aigles : LHP Han Keijzer
|
Batting: LHB Iestyn Peacock
|
0-0: Ball 1-0: Ball 2-0: Ground out 6-3 (Groundball, 6M, EV 87.5 MPH)
|
Pinch Hitting: RHB Yankel Pensak
|
0-0: Called Strike 0-1: DOUBLE (Flyball, 8LXD, EV 110.0 MPH)
|
Batting: RHB Dustin Bursell
|
0-0: 2-RUN HOME RUN (Line Drive, 7D, EV 98.1 MPH), Distance : 408 ft
|
Batting: RHB Cody Kafer
|
0-0: Ball 1-0: Swinging Strike 1-1: Foul Ball, location: 2F 1-2: Ball 2-2: Ball 3-2: Foul Ball, location: 2F 3-2: Strikes out swinging, 2-3 out at first.
|
Batting: RHB Alex Duarte
|
0-0: SOLO HOME RUN (Line Drive, 9LD, EV 93.8 MPH), Distance : 346 ft
|
Batting: RHB Carlos Avila
|
0-0: Ball 1-0: Called Strike 1-1: Ball 2-1: Foul Ball, location: 2F 2-2: Foul Ball, location: 2F 2-2: Foul Ball, location: 2F 2-2: Ball 3-2: Strikes out swinging
|
Bottom of the 7th over - 3 runs, 3 hits, 0 errors, 0 left on base; Trois-Riveres 1 - Detroit 3 |
TOP OF THE 8TH |
Trois-Riveres Aigles batting - Pitching for Detroit Red Wings : RHP Chris Wilkerson
|
Pitching: RHP Ramiro Silva
|
|
Now at 1B: Simon Barry
|
|
Batting: RHB Willie Acevedo
|
0-0: Swinging Strike 0-1: Ball 1-1: Ball 2-1: Swinging Strike 2-2: Ball 3-2: Strikes out swinging
|
Batting: RHB Jeff Standridge
|
0-0: Called Strike 0-1: Foul Ball, location: 2F 0-2: Foul Ball, location: 2F 0-2: Foul Ball, location: 2F 0-2: Strikes out looking
|
Pinch Hitting: LHB Ian Cranton
|
0-0: Ball 1-0: Called Strike 1-1: Fly out, F8 (Flyball, 8LM, EV 80.6 MPH)
|
Top of the 8th over - 0 runs, 0 hits, 0 errors, 0 left on base; Trois-Riveres 1 - Detroit 3 |
BOTTOM OF THE 8TH |
Detroit Red Wings batting - Pitching for Trois-Riveres Aigles : LHP Han Keijzer
|
Pitching: RHP Matt Wicker
|
|
Now at SS: Toshikatsu Omori
|
|
Batting: RHB Jorge Lebron
|
0-0: Ball 1-0: Foul Ball, location: 2F 1-1: Ball 2-1: Called Strike 2-2: Strikes out swinging
|
Batting: RHB António Scarlett
|
0-0: Called Strike 0-1: Ball 1-1: Called Strike 1-2: Ball 2-2: Foul Ball, location: 2F 2-2: Fly out, F6 (Popup, 6, EV 66.2 MPH)
|
Batting: SHB Isaiah Bias
|
0-0: Fly out, F8 (Flyball, 89M, EV 94.4 MPH)
|
Bottom of the 8th over - 0 runs, 0 hits, 0 errors, 0 left on base; Trois-Riveres 1 - Detroit 3 |
TOP OF THE 9TH |
Trois-Riveres Aigles batting - Pitching for Detroit Red Wings : RHP Ramiro Silva
|
Pinch Hitting: RHB Jon Gonzales
|
0-0: Ball 1-0: Foul Ball, location: 2F 1-1: Ball 2-1: Ball 3-1: Called Strike 3-2: Ground out 4-3 (Groundball, 4, EV 91.2 MPH)
|
Pinch Hitting: RHB Joe Hartigan
|
0-0: Called Strike 0-1: Ball 1-1: Foul Ball, location: 2F 1-2: Foul Ball, location: 2F 1-2: Foul Ball, location: 2F 1-2: Ball 2-2: Foul Ball, location: 2F 2-2: Ball 3-2: Fly out, F3 (Popup, 3F, EV 55.6 MPH)
|
Pitching: RHP David Kalinsky
|
|
Batting: RHB Kyler Seitz
|
0-0: Called Strike 0-1: Ball 1-1: Called Strike 1-2: Strikes out looking
|
Top of the 9th over - 0 runs, 0 hits, 0 errors, 0 left on base; Trois-Riveres 1 - Detroit 3 |
|